 Dungeon Crawl Stone Soup version 0.32-a0-893-gf85d74f360 (webtiles) character file.

Game seed: 9284426078312761985

2718 pokedragonboy the Basher (level 9, -4/147 HPs)
             Began as an Oni Berserker on Apr 3, 2024.
             Was an Elder of Trog.
             Succumbed to an orc warrior's poison
             ... on level 8 of the Dungeon.
             The game lasted 00:13:37 (7661 turns).

pokedragonboy the Basher (Oni Berserker)            Turns: 7661, Time: 00:13:38

Health: -4/147     AC:  7    Str: 25    XL:     9   Next: 66%
Magic:  9/9        EV: 10    Int:  8    God:    Trog [****..]
Gold:   566        SH:  0    Dex: 10    Spells: 8/8 levels left

rFire   . . .        b - +1 war axe
rCold   . . .        (no shield)
rNeg    + . .        u - +1 animal skin
rPois   .            (helmet restricted)
rElec   .            r - +2 cloak
rCorr   +            (gloves unavailable)
SInv    .            (boots unavailable)
Will    .....        c - amulet of faith Stlth
                     k - ring of resist corrosion
HPRegen 0.44/turn    z - ring of positive energy
MPRegen 0.11/turn

%: faith
@: berserking, lethally poisoned (-4 -> -33), very quick
A: large, unfitting armour, horns 1, tough skin 1, double potion healing,
drunken brawling
a: Renounce Religion, Berserk, Trog's Hand, Brothers in Arms


You were on level 8 of the Dungeon.
You worshipped Trog.
Trog was greatly pleased with you.
You visited 2 branches of the dungeon, and saw 9 of its levels.

You collected 566 gold pieces.

Inventory:

Hand Weapons
 a - a +0 flail
 b - a +1 war axe (weapon)
 q - the +7 rapier of Spores {freeze, rPois Will+ Str-4 Dex+2}
   (You found it on level 3 of the Dungeon)

   Str-4:     It affects your strength (-4).
   Dex+2:     It affects your dexterity (+2).
   rPois:     It protects you from poison.
   Will+:     It increases your willpower.
 t - a +0 giant club
 w - a +0 dire flail of protection
Armour
 r - a +2 cloak (worn)
 u - a +1 animal skin (worn)
Jewellery
 c - an amulet of faith (around neck)
 k - a ring of resist corrosion (left hand)
 s - an amulet of reflection
 z - a ring of positive energy (right hand)
 A - a ring of ice
Wands
 v - a wand of flame (22)
Scrolls
 d - a scroll of teleportation
 e - 2 scrolls of enchant armour
 n - a scroll of fog
 o - 2 scrolls of enchant weapon
 x - a scroll of fear {unknown}
 y - a scroll of vulnerability
Potions
 f - 2 potions of magic
 g - 2 potions of haste
 i - 4 potions of curing
 j - a potion of invisibility
 l - 2 potions of berserk rage
 m - a potion of ambrosia
 p - 2 potions of mutation
 B - a potion of degeneration {unknown}
 C - 3 potions of might
 D - 2 potions of heal wounds


   Skills:
 + Level 9.1 Fighting
 * Level 9.4 Maces & Flails
 + Level 7.1 Dodging


You had 8 spell levels left.
You didn't know any spells.
Your spell library contained the following spells:

 Spells                   Type           Power      Damage    Failure   Level
 Lesser Beckoning         Tloc           0%         N/A       54%         2
 Maxwell's Portable Pile  Tloc           0%         2d(5-13)  78%         3
 Teleport Other           Tloc           0%         N/A       78%         3


Dungeon Overview and Level Annotations

Branches:
Dungeon (8/15)             Temple (1/1) D:7
   Lair: D:8-11

Altars:
Ashenzari
Cheibriados
Dithmenos
Elyvilon
Fedhas
Hepliaklqana
Kikubaaqudgha
Qazlal
Ru
Sif Muna
Trog
Uskayaw
Vehumet
Wu Jian
Zin
The Shining One

Shops:
D:7 (

Annotations:
D:7 2 transporters
D:8 3 runed translucent doors, garrulousMonolith's ghost, novice TrFi


Innate Abilities, Weirdness & Mutations

You are too large for most types of armour.
You have a pair of small horns on your head.
You have tough skin. (AC +1)
You gain doubled healing and magic from potions.
Whenever you drink a healing potion, you attack all around you.


Message History

Trog accepts your kill.
You feel very sick.
The orc warrior hits you but does no damage.
You are more poisoned.
You slice the orc priest!!
You kill the orc priest!
Trog accepts your kill.
You feel very sick.
The orc warrior hits you from afar with a +2 trident of venom!
* * * LOW HITPOINT WARNING * * *
Unknown command.
You feel sick.
Items here: )))) [[[ †.
You barely miss the orc warrior. You slash the orc priest!
You feel very sick.
The orc warrior hits you with a +2 trident of venom!
* * * LOW HITPOINT WARNING * * *
The orc priest hits you but does no damage.
Unknown command.
You slash the orc priest!
You feel the power of Trog in you as your rage grows.
You kill the orc priest!
Trog accepts your kill.
You closely miss the orc warrior.
You feel sick. The orc warrior barely misses you.
Unknown command.
You barely miss the orc warrior. You headbutt the orc warrior.
The orc warrior is lightly wounded.
You feel sick.
You slash the orc warrior!
The orc warrior is heavily wounded.
You feel sick.
The orc warrior hits you with a +2 trident of venom!!
* * * LOW HITPOINT WARNING * * *
You are more poisoned.
You are too berserk!
You slash the orc warrior!
You kill the orc warrior!
Trog accepts your kill.
You die...

.......≈.>,*,,..,##*.##*****,,*,*
...........,......##.$,,,<,,,,*,*
..........##.##......******,,**,*
...............)....### ***,,,,,,
.............##.#.....##*,,,,,,,,
..........#.............,,***,,,,
............#*#.#).....#,,***,,,,
..........#** #.))......<,,,,,,,,
..........#####.@#####..,,,,,,,,,
..................# *,*,,,,,,,,*
##..#..#.####...#.#***,,,,,,,,,,*
##...#.#.###..#.#...,,,,*,,,,****
###≈.........##.###..,,**,,,,*
...≈.........,...,,..#***>,,,*
~~.≈.........*#.##,,##***,,,,*
...≈.........*...,,,,~~**,,,,*
..~≈.<#..##.#*~~.~~~,~~,*,,,,*


There were no monsters in sight!

Vanquished Creatures
  A wyvern (D:8)
  Eustachio (D:4)
  Menkaure (D:4)
  Edmund (D:4)
  2 water moccasins (D:6)
  2 orc warriors
  5 ogres
  2 centaurs
  A phantom (D:6)
  2 kobold brigands
  A bullfrog (D:6)
  A gnoll sergeant (D:8)
  3 scorpions (D:5)
  3 howler monkeys
  A bombardier beetle (D:3)
  3 hounds
  A sleepcap (D:6)
  2 orc priests (D:8)
  2 gnoll boudas
  3 iguanas
  14 gnolls
  4 adders
  A shadow imp (D:7)
  A white imp (D:7)
  4 ufetubi
  2 dart slugs
  A ribbon worm (D:7)
  26 orcs
  6 ball pythons
  4 endoplasms
  5 giant cockroaches
  2 hobgoblins
  A jackal (D:2)
  19 kobolds
  3 quokkas
  5 bats (D:1)
  2 frilled lizards (D:1)
  6 goblins
  8 rats
152 creatures vanquished.

Notes
Turn   | Place    | Note
-------+----------+-------------------------------------------
     0 | D:1      | pokedragonboy the Oni Berserker began the quest for the
                  | Orb.
     0 | D:1      | Reached XP level 1. HP: 24/24 MP: 1/1
    84 | D:1      | Reached XP level 2. HP: 32/32 MP: 2/2
   562 | D:1      | Reached XP level 3. HP: 39/39 MP: 3/3
   602 | D:1      | Reached ** piety under Trog
  1391 | D:2      | Reached XP level 4. HP: 46/49 MP: 4/4
  1588 | D:3      | Found a stormy altar of Qazlal.
  1840 | D:3      | Identified the +7 rapier of Spores {freeze, rPois Will+
                  | Str-4 Dex+2}
  2005 | D:3      | Reached XP level 5. HP: 55/55 MP: 5/5
  2329 | D:4      | Reached skill level 5 in Fighting
  2345 | D:4      | Noticed Menkaure
  2352 | D:4      | Killed Menkaure
  2353 | D:4      | Reached XP level 6. HP: 66/66 MP: 6/6
  2404 | D:4      | Noticed Eustachio
  2417 | D:4      | Killed Eustachio
  2418 | D:4      | Reached skill level 5 in Maces & Flails
  2448 | D:4      | Noticed Edmund
  2469 | D:4      | Killed Edmund
  2470 | D:4      | Reached skill level 5 in Dodging
  2470 | D:4      | Reached XP level 7. HP: 48/74 MP: 7/7
  3125 | D:5      | Entered Level 5 of the Dungeon
  3182 | D:5      | Found a blossoming altar of Fedhas.
  3502 | D:5      | Reached *** piety under Trog
  3527 | D:5      | Reached XP level 8. HP: 24/84 MP: 8/8
  4555 | D:5      | Found a broken altar of Ashenzari.
  4557 | D:5      | Found an ornate altar of the Wu Jian Council.
  5555 | D:6      | You fall into a shaft and drop 1 floor!
  5651 | D:6      | Reached XP level 9. HP: 92/96 MP: 9/9
  5987 | D:6      | Found a glowing golden altar of the Shining One.
  6246 | D:7      | Found a staircase to the Ecumenical Temple.
  6257 | Temple   | Entered the Ecumenical Temple
  6446 | D:7      | Found a snail-covered altar of Cheibriados.
  6552 | D:7      | Found Oceos's Weapon Boutique.
  6562 | D:7      | Reached **** piety under Trog
  6611 | D:7      | Found a transporter.
  6611 | D:7      | Found a white marble altar of Elyvilon.
  6626 | D:7      | Found a transporter.
  7583 | D:8      | Found a runed translucent gate.
  7584 | D:8      | Found a runed translucent gate.
  7585 | D:8      | Found a runed translucent gate.
  7585 | D:8      | Noticed garrulousMonolith's ghost (novice TrFi)
  7660 | D:8      | HP: 2/147 [orc warrior/+2 trident of venom (18)]
  7661 | D:8      | Succumbed to an orc warrior's poison

Illustrated notes

Levels and vault maps discovered:
D:1:      doesnt_arrival_eight_statues, layout_loops_ring
D:2:      layout_basic, serial_glass, glass_columns_a, glass_columns_b,
          hangedman_feature_mirror
D:3:      layout_loops_ring, mainiacjoe_overflow_small_starburst
D:4:      layout_basic, serial_bayou_pond_c, uniq_eustachio, uniq_menkaure,
          uniq_edmund
D:5:      layout_basic, fedhas_bush_and_centaur_altar,
          gammafunk_temple_overflow_statue
D:6:      layout_rooms, lemuel_doored_altar
D:7:      layout_basic, elyvilon_altar_4, slow_altar_1,
          minmay_temple_entry_junction_2, serial_shops, shop_coins
D:8:      layout_rooms, gammafunk_temple_overflow_claw, serial_rivers,
          chequers_serial_rivers_micro_e, chequers_serial_rivers_micro_b,
          chequers_serial_rivers_small_a, chequers_serial_rivers_marsh,
          chequers_serial_rivers_room_b, biasface_ghost_orc_armoury
Temple:   dpeg_three_leaves_temple

Skill      XL: |  1  2  3  4  5  6  7  8  9 |
---------------+----------------------------+-----
Dodging        | 3 4 5 6 7 |  7.1
Maces & Flails | 4 5 6 8 9 |  9.4
Fighting       | 5 6 8 9 |  9.1

Action                     |  1- 3 |  4- 6 |  7- 9 || total
---------------------------+-------+-------+-------++-------
  Melee: Mace              |   109 |    53 |    93 ||   255
         Headbutt          |    11 |    10 |    55 ||    76
         Dire flail        |       |       |    24 ||    24
         Flail             |       |       |    70 ||    70
         War axe           |       |       |   124 ||   124
 Invoke: Berserk           |       |     3 |     6 ||     9
    Use: Scroll            |     3 |     1 |    13 ||    17
         Potion            |       |       |     1 ||     1
   Stab: Sleeping          |     2 |       |       ||     2
 Armour: Animal skin       |    93 |    32 |   311 ||   436
  Dodge: Dodged            |    58 |    21 |   223 ||   302

Table legend: (Time is in decaauts)
 A = Elapsed time spent in this place.
 B = Non-inter-level travel time spent in this place.
 C = Inter-level travel time spent in this place.
 D = Time resting spent in this place.
 E = Time spent auto-exploring this place.
 F = Levels seen in this place.
 G = Mean time per level.
                   A        B        C        D        E       F      G
               +--------+--------+--------+--------+--------+-----+--------+
         Total |   7792 |   7661 |    131 |   2529 |   3925 |   9 |  865.8 |
       Dungeon |   7790 |   7659 |    131 |   2529 |   3925 |   8 |  973.8 |
        Temple |      1 |      1 |      0 |      0 |      0 |   1 |    1.0 |
               +--------+--------+--------+--------+--------+-----+--------+

Top non-repeatable levels by time:
     D:5: 1795 daAuts
     D:7: 1275 daAuts
     D:6: 1022 daAuts
     D:4: 1007 daAuts
     D:3: 814 daAuts
     D:1: 782 daAuts
     D:2: 749 daAuts
     D:8: 342 daAuts
  Temple: 1 daAuts
